 Dungeon Crawl Stone Soup version 0.31-a0-145-g046c7d2549 (webtiles) character file.

Game seed: 12475172767189812586

376 qw the Shooter (level 6, 0/52 HPs)
             Began as a Minotaur Hunter on June 7, 2023.
             Engulfed by a steam dragon's steam (6 damage)
             ... on level 6 of the Dungeon.
             The game lasted 00:01:08 (3370 turns).

qw the Shooter (Minotaur Hunter)                    Turns: 3370, Time: 00:01:08

Health: 0/52       AC:  5    Str: 16    XL:     6   Next: 44%
Magic:  5/5        EV: 16    Int:  6    God:
Gold:   95         SH:  0    Dex: 15    Spells: 5/5 levels left

rFire   . . .        Y - +1 shortbow
rCold   . . .        (shield currently unavailable)
rNeg    . . .        b - +0 ring mail
rPois   .            (helmet restricted)
rElec   .            (no cloak)
rCorr   .            (no gloves)
SInv    .            (no boots)
Will    .....        d - amulet of regeneration
Stlth   +            g - +5 ring of evasion
HPRegen 1.08/turn    (no ring)
MPRegen 0.09/turn

%: no passive effects
@: no status effects
A: horns 2, retaliatory headbutt
a: no special abilities


You were on level 6 of the Dungeon.
You visited 1 branch of the dungeon, and saw 6 of its levels.

You collected 95 gold pieces.


Innate Abilities, Weirdness & Mutations

You have a pair of horns on your head.
You reflexively headbutt those who attack you in melee.


   Skills:
 - Level 4.1 Fighting
 + Level 7.2 Ranged Weapons
 - Level 3.3 Armour
 - Level 2.1 Dodging
 - Level 0.7 Stealth


You had 5 spell levels left.
You didn't know any spells.
Your spell library was empty.

Inventory:

Hand Weapons
 Y - a +1 shortbow (weapon)
Armour
 b - a +0 ring mail (worn)
Jewellery
 d - an amulet of regeneration (around neck)
 g - a +5 ring of evasion (left hand)
Potions
 e - a potion of enlightenment {unknown}
 i - a potion of magic {unknown}

Dungeon Overview and Level Annotations

Branches:
Dungeon (7/15)
 Temple: D:4-7

Altars:
Qazlal


Message History

The steam dragon closely misses you.
You shoot an arrow. The arrow barely misses the adder.
Your surroundings suddenly seem different.
Found 26 gold pieces and a plate armour.
You start resting.
An adder is nearby!
You shoot an arrow. The adder hisses angrily.
The arrow hits the adder!
You kill the adder!
You start resting.
A steam dragon is nearby!
You shoot an arrow. The steam dragon hisses angrily.
The arrow hits the steam dragon but does no damage.
The steam dragon is lightly wounded.
You shoot an arrow. The arrow hits the steam dragon.
The steam dragon is moderately wounded.
The steam dragon breathes steam at you. The ball of steam hits you!!
3363 ||| Stepping ~*~*~tactically~*~*~ (cloud).
You start resting.
You shoot an arrow.
The arrow closely misses the steam dragon.
You shoot an arrow.
The arrow barely misses the steam dragon.
You shoot an arrow. The arrow hits the steam dragon.
The steam dragon is heavily wounded.
You shoot an arrow. The arrow hits the steam dragon.
The steam dragon is severely wounded.
The steam dragon bites you.
The steam dragon claws you but does no damage.
You shoot an arrow. The arrow hits the steam dragon.
The steam dragon is almost dead.
The steam dragon breathes steam at you. The ball of steam misses you.
You shoot an arrow.
The arrow closely misses the steam dragon.
You are engulfed in a cloud of scalding steam.
You die...

.... .... .. ...
... .. ...#
#####.##..##
##[...¤#.....
##....¤.......
#....@......$.
#...D.........
#.............
#.............
#.$...........
#.............
#####
#..#...........
##...#
####.#######.###.#
#.... .....% .# .#


You could see a steam dragon (catching breath).

Vanquished Creatures
  A sky beast (D:4)
  A scorpion (D:4)
  2 orc wizards
  3 gnolls (D:3)
  4 adders
  3 dart slugs
  8 orcs
  9 endoplasms
  A giant cockroach (D:4)
  7 goblins
  11 hobgoblins
  7 jackals
  A quokka (D:4)
  6 ball pythons
  4 bats
  4 frilled lizards
  7 kobolds
  5 rats
84 creatures vanquished.

Vanquished Creatures (others)
  An orc wizard (D:3)
1 creature vanquished.

Grand Total: 85 creatures vanquished

Notes
Turn   | Place    | Note
-------+----------+-------------------------------------------
     0 | D:1      | qw the Minotaur Hunter began the quest for the Orb.
     0 | D:1      | Reached XP level 1. HP: 18/18 MP: 0/0
     0 | D:1      | 0 ||| qw: Version: 0.2-a-117-gc6b5c8b
     0 | D:1      | 0 ||| qw: Game counter: 2498
     0 | D:1      | 0 ||| qw: Always use a shield: true
     0 | D:1      | 0 ||| qw: God list: Okawaru
     0 | D:1      | 0 ||| qw: Allow faded altars: false
     0 | D:1      | 0 ||| qw: Do Orc after D:15 true
     0 | D:1      | 0 ||| qw: Do second Lair branch before Depths: true
     0 | D:1      | 0 ||| qw: Lair rune preference: random
     0 | D:1      | 0 ||| qw: Plans: Normal
     0 | D:1      | 0 ||| PLANNING D:1-11
     3 | D:1      | Noticed an electric eel
     4 | D:1      | Noticed an electric eel
   268 | D:1      | Reached XP level 2. HP: 25/25 MP: 1/1
   275 | D:1      | Reached skill level 5 in Ranged Weapons
   469 | D:1      | Reached skill level 3 in Fighting
   796 | D:1      | Found a faded altar of an unknown god.
   834 | D:1      | 834 ||| DROPPING ring of flight.
   835 | D:1      | 835 ||| READING scroll labelled ICAORU NUUTI.
   836 | D:1      | 836 ||| READING scroll labelled OXECUMP QUHI.
   837 | D:1      | 837 ||| READING scroll labelled KIUSME DOISOY.
   838 | D:1      | 838 ||| READING scroll labelled NYTTIA UCIPA.
   839 | D:1      | 839 ||| DROPPING scroll of butterflies.
   884 | D:2      | Reached XP level 3. HP: 31/31 MP: 2/2
  1287 | D:2      | 1287 ||| UPGRADING to +5 ring of evasion.
  1288 | D:2      | 1288 ||| READING scroll labelled QAFEME TOASIGE.
  1289 | D:2      | 1289 ||| READING scroll labelled AKKOHA RENIAF.
  1290 | D:2      | 1290 ||| READING scroll labelled COELYD KYHO.
  1291 | D:2      | 1291 ||| READING scroll labelled DODYTOU EDEDOS.
  1292 | D:2      | 1292 ||| DRINKING 2 grey potions.
  1293 | D:2      | 1293 ||| DROPPING potion of brilliance.
  1295 | D:2      | 1295 ||| Stepping ~*~*~tactically~*~*~ (cloud).
  1455 | D:3      | Reached skill level 6 in Ranged Weapons
  1455 | D:3      | Reached XP level 4. HP: 28/38 MP: 3/3
  1757 | D:3      | Reached XP level 5. HP: 35/46 MP: 4/4
  2473 | D:3      | 2473 ||| UPGRADING to +0 ring mail.
  2483 | D:3      | 2483 ||| DROPPING +0 leather armour.
  2484 | D:3      | 2484 ||| READING scroll labelled EFOGI RAHYOT.
  2489 | D:3      | 2489 ||| DRINKING 3 brown potions.
  2530 | D:4      | Found a stormy altar of Qazlal.
  2530 | D:4      | Noticed a sky beast
  2554 | D:4      | Killed a sky beast
  2555 | D:4      | Reached skill level 3 in Armour
  2662 | D:4      | 2662 ||| DRINKING 2 potions of curing.
  2662 | D:4      | 2662 ||| (to cure confusion)
  2666 | D:4      | Reached XP level 6. HP: 47/52 MP: 5/5
  2868 | D:4      | Reached skill level 7 in Ranged Weapons
  3209 | D:4      | You fall into a shaft and drop 3 floors!
  3218 | D:7      | 3218 ||| UPGRADING to amulet of regeneration.
  3223 | D:7      | 3223 ||| READING 2 scrolls labelled TAUNTA VYGETI.
  3224 | D:7      | 3224 ||| DRINKING 2 golden potions.
  3328 | D:7      | 3328 ||| DRINKING 2 glowing purple potions.
  3329 | D:7      | 3329 ||| DRINKING potion of curing.
  3329 | D:7      | 3329 ||| (to cure confusion)
  3330 | D:7      | 3330 ||| DROPPING scroll of fear.
  3331 | D:7      | 3331 ||| DROPPING potion of berserk rage.
  3332 | D:7      | 3332 ||| DROPPING potion of ambrosia.
  3340 | D:6      | Noticed a steam dragon
  3346 | D:6      | HP: 13/52 [adder (2)]
  3347 | D:6      | 3347 ||| READING scroll of teleportation.
  3362 | D:6      | HP: 4/52 [something/ball of steam (20)]
  3363 | D:6      | 3363 ||| Stepping ~*~*~tactically~*~*~ (cloud).
  3368 | D:6      | HP: 5/52 [steam dragon (6)]
  3370 | D:6      | Engulfed by a steam dragon's steam

Levels and vault maps discovered:
D:1:      arrival_aquarium_b, layout_basic, shapermc_ecumenical_altar_notcrosses
D:2:      layout_rooms, minmay_surrounded
D:3:      layout_basic
D:4:      layout_loops_ring, nicolae_qazlal_beasts_of_the_sky
D:6:      layout_rooms, serial_glass, glass_columns_a, glass_columns_a,
          item_on_display_a, grunt_ministairs_1
D:7:      layout_rooms, vehumet_crystals, enter_bailey_5, gammafunk_ghost_arena

Skill      XL: |  1  2  3  4  5  6 |
---------------+-------------------+-----
Ranged Weapons | 5 6 7 |  7.2
Fighting       | 3 4 |  4.1
Armour         | 3 |  3.3
Dodging        | |  2.1
Stealth        | |  0.7

Action                     |  1- 3 |  4- 6 || total
---------------------------+-------+-------++-------
   Fire: Shortbow          |    90 |   142 ||   232
    Use: Scroll            |     8 |     3 ||    11
         Potion            |     1 |     5 ||     6
 Armour: Leather armour    |     4 |     3 ||     7
         Ring mail         |       |    18 ||    18
  Dodge: Dodged            |    14 |    59 ||    73

Table legend:
 A = Non-vault XP
 B = Vault XP
 C = Vault XP percentage of total XP
 D = Non-vault monster count
 E = Vault monster count
 F = Vault count percentage of total count
                 A         B        C        D         E       F
            +---------+---------+-------+---------+---------+-------
      Total |     392 |     146 |  27.1 |      83 |       2 |   2.4
            +---------+---------+-------+---------+---------+-------
        D:1 |      36 |       0 |   0.0 |      22 |       0 |   0.0
        D:2 |      44 |       0 |   0.0 |      16 |       0 |   0.0
        D:3 |     146 |       0 |   0.0 |      27 |       0 |   0.0
        D:4 |     166 |     132 |  44.3 |      18 |       1 |   5.3
        D:6 |       0 |      14 | 100.0 |       0 |       1 | 100.0
            +---------+---------+-------+---------+---------+-------
